Map: Simulacrum LE

Players

Khun (Ranger) - Winner!

  • Race: Protoss Protoss
  • Spawn Location: 5:00

Enrique (Quantel)

  • Race: Protoss Protoss
  • Spawn Location: 11:00

Event: SEA Games 2019

VOD

https://youtu.be/-UUfTWdbDv0

Description

Time

  • Played on: Dec. 5, 2019, 10:22 p.m.
  • Length: 9:28

All games in this series

Show
View Real Time Build Order
Export as new Build Order

Khun Protoss - Winner!

Build Orders: Phoenix Opening 

Get SALT Encoding   

  12  0:00  Probe  
  13  0:12  Probe  
  14  0:17  Pylon  
  14  0:24  Probe  
  15  0:35  Gateway  
  15  0:38  Probe (Chrono Boost)  
  16  0:46  Probe (Chrono Boost)  
  16  0:47  Assimilator  
  17  0:52  Probe  
  18  0:57  Assimilator  
  18  1:04  Probe (Chrono Boost)  
  18  1:09  Gateway  
  19  1:16  Probe (Chrono Boost)  
  20  1:22  Cybernetics Core  
  20  1:25  Probe (Chrono Boost)  
  21  1:32  Pylon  
  21  1:34  Probe  
  22  1:47  Probe  
  23  1:59  Stalker  
  23  2:00  Sentry  
  27  2:01  Probe  
  27  2:02  Warp Gate (Chrono Boost)  
  28  2:09  Pylon  
  28  2:19  Probe  
  29  2:31  Pylon  
  29  2:33  Phoenix  
  28  2:37  Stalker x2  
  32  2:47  Robotics Facility  
  32  2:53  Pylon  
  32  3:19  Nexus  
  32  3:26  Gateway  
  32  3:30  Probe  
  33  3:34  Observer (Chrono Boost)  
  34  3:43  Adept x2  
  34  3:45  Probe  
  39  3:53  Pylon  
  39  4:05  Immortal  
  39  4:08  Sentry  
  45  4:11  Sentry  
  47  4:31  Robotics Bay  
  45  4:38  Adept x2  
  45  4:41  Zealot  
  49  4:54  Probe x2  
  51  5:01  Observer  
  51  5:03  Stalker  
  51  5:06  Probe  
  54  5:08  Assimilator  
  54  5:18  Probe  
  54  5:19  Probe  
  52  5:24  Disruptor (Chrono Boost)  
  55  5:30  Probe  
  55  5:33  Probe  
  57  5:36  Adept  
  59  5:42  Probe  
  59  5:47  Adept x2  
  59  5:49  Probe, Disruptor (Chrono Boost)  
  66  5:54  Shield Battery  
  66  5:59  Probe  
  66  6:02  Adept  
  65  6:07  Gateway  
  65  6:10  Pylon  
  65  6:25  Warp Prism (Chrono Boost)  
  65  6:28  Probe x2  
  65  6:29  Gravitic Drive (Chrono Boost)  
  65  6:32  Assimilator  
  69  6:40  Pylon  
  69  6:48  Pylon  
  69  6:57  Disruptor (Chrono Boost)  
  69  6:58  Stalker x2  
  76  7:03  Probe, Shield Battery  
  77  7:11  Probe  
  77  7:14  Gateway  
  78  7:22  Stalker  
  80  7:24  Observer (Chrono Boost)  
  80  7:27  Twilight Council  
  80  7:28  Probe  
  82  7:32  Probe  
  82  7:37  Stalker  
  85  7:50  Probe  
  86  7:51  Disruptor  
  86  7:52  Disruptor x2  
  86  7:53  Pylon  
  86  8:03  Pylon  
  86  8:10  Colossus  
  86  8:11  Probe  
  93  8:24  Stalker x2  
  93  8:25  Stalker x2  
  101  8:52  Pylon  
  101  8:53  Gateway, Pylon  
  101  8:55  Forge  
  97  9:09  Stalker x4  
  102  9:10  Stalker  
Show
View Real Time Build Order
Export as new Build Order

Enrique Protoss 

Build Orders:  

Get SALT Encoding   

  12  0:00  Probe  
  13  0:12  Probe  
  14  0:17  Pylon  
  14  0:24  Probe (Chrono Boost)  
  15  0:37  Probe (Chrono Boost)  
  15  0:38  Gateway  
  16  0:44  Probe (Chrono Boost)  
  16  0:45  Assimilator  
  17  0:51  Probe  
  17  0:53  Assimilator  
  18  1:03  Probe (Chrono Boost)  
  19  1:08  Gateway  
  19  1:13  Probe (Chrono Boost)  
  19  1:18  Probe (Chrono Boost)  
  21  1:26  Cybernetics Core  
  21  1:29  Probe  
  22  1:35  Pylon  
  22  1:41  Probe  
  23  1:55  Probe  
  24  2:03  Stalker x2  
  24  2:04  Warp Gate  
  28  2:12  Pylon  
  28  2:36  Stalker  
  28  2:37  Stalker  
  30  2:39  Robotics Facility  
  30  2:47  Probe  
  31  3:06  Nexus  
  31  3:15  Pylon  
  31  3:24  Sentry x2  
  35  3:30  Immortal (Chrono Boost)  
  39  3:39  Probe  
  40  3:45  Shield Battery  
  40  3:59  Warp Prism (Chrono Boost)  
  42  4:03  Probe  
  42  4:08  Sentry  
  42  4:09  Sentry  
  47  4:14  Pylon  
  42  4:45  Gateway  
  42  4:55  Probe x2  
  42  4:56  Observer (Chrono Boost)  
  45  5:05  Adept x2  
  49  5:13  Observer  
  48  5:16  Probe  
  47  5:26  Probe  
  48  5:35  Probe (Chrono Boost)  
  49  5:36  Stalker  
  49  5:38  Probe (Chrono Boost)  
  52  5:47  Probe (Chrono Boost)  
  52  5:49  Probe (Chrono Boost)  
  54  5:52  Probe (Chrono Boost)  
  54  5:53  Probe (Chrono Boost)  
  54  5:56  Observer  
  56  6:01  Probe  
  57  6:04  Probe  
  57  6:07  Immortal (Chrono Boost)  
  62  6:14  Probe  
  63  6:19  Probe  
  64  6:26  Probe  
  64  6:31  Probe  
  64  6:32  Stargate  
  66  6:35  Stargate  
  66  6:42  Probe  
  67  6:47  Probe  
  68  7:01  Pylon  
  68  7:03  Pylon  
  68  7:10  Probe x2  
  70  7:19  Immortal, Pylon  
  74  7:23  Phoenix x2 (Chrono Boost)  
  78  7:36  Probe x2, Assimilator  
  80  7:41  Phoenix x2 (Chrono Boost)  
  84  7:46  Observer  
  74  7:52  Probe  
  74  7:54  Probe  
  76  7:58  Observer  
  76  8:04  Twilight Council, Probe  
  77  8:06  Probe  
  77  8:11  Zealot x2  
  81  8:14  Gateway  
  81  8:16  Probe, Phoenix  
  81  8:17  Gateway  
  84  8:21  Gateway  
  84  8:25  Immortal  
  88  8:28  Pylon  
  88  8:33  Pylon  
  88  8:34  Zealot x2  
  92  8:52  Nexus  
  92  8:57  Zealot x2  
  75  9:11  Zealot x2  
  77  9:17  Pylon  
Tags
 
Add a new tag
Caveats
  • Supply blocks, unpowered buildings, or Contaminate may cause inaccurate times.
  • Supply counts are checked every 10 seconds.